Map: Interloper LE

Players

LST - Winner!

  • Race: Terran Terran
  • League: Bronze
  • Spawn Location: 11:00

panicreal

  • Race: Terran Terran
  • Spawn Location: 5:00

VOD

Have the link to the VOD?

Description

Time

  • Played on: Oct. 31, 2017, 5:05 a.m.
  • Length: 14:56
Show
View Real Time Build Order
Export as new Build Order

LST Terran - Winner!

Build Orders:  

Get SALT Encoding   

  12  0:02  SCV  
  13  0:15  Supply Depot  
  13  0:18  SCV  
  14  0:30  SCV  
  15  0:39  Barracks  
  15  0:43  SCV  
  15  0:48  Refinery  
  16  0:55  SCV  
  17  1:07  SCV  
  18  1:19  SCV  
  19  1:27  Supply Depot  
  19  1:31  SCV  
  20  1:40  Reaper  
  20  1:46  Command Center  
  21  1:54  Orbital Command  
  21  2:27  SCV  
  22  2:39  SCV  
  22  2:59  Marine  
  23  3:16  Marine  
  23  3:17  Refinery  
  23  3:19  Factory  
  24  3:26  SCV x2  
  26  3:34  Marine  
  26  3:38  SCV x2  
  26  3:40  Barracks  
  29  3:50  SCV x2  
  29  3:52  Reaper  
  32  4:02  SCV x2  
  34  4:15  Hellion  
  36  4:24  Marine  
  36  4:28  Barracks Reactor  
  37  4:36  Hellion  
  39  4:44  Engineering Bay  
  39  4:46  Starport  
  39  4:51  SCV x2  
  39  4:52  Supply Depot  
  41  4:55  Marine  
  41  4:58  Hellion  
  44  5:03  SCV x2  
  46  5:13  Marine x3  
  49  5:17  Supply Depot  
  49  5:29  Terran Infantry Weapons Level 1  
  49  5:31  Marine x2  
  52  5:37  Armory  
  52  5:40  Supply Depot  
  52  5:43  Barracks  
  52  5:46  Barracks Tech Lab  
  52  5:47  Barracks  
  52  5:49  Marine x2  
  53  6:03  Supply Depot  
  53  6:06  Marine x2  
  53  6:15  Marauder  
  53  6:19  Factory Tech Lab  
  53  6:24  Marine x2  
  55  6:27  Supply Depot  
  55  6:31  Missile Turret  
  55  6:32  Missile Turret  
  55  6:35  Missile Turret  
  55  6:37  Marauder  
  55  6:39  Missile Turret  
  57  6:42  Marine x2  
  57  6:46  Medivac  
  61  6:58  Marauder  
  61  6:59  Missile Turret  
  61  7:00  Marine x2  
  65  7:09  Marine  
  65  7:10  Marine  
  67  7:16  Medivac  
  67  7:18  Marine x2  
  67  7:20  Marauder  
  73  7:27  Marine  
  73  7:28  Terran Infantry Armor Level 1, Marine  
  75  7:35  Marine x2, Terran Vehicle Weapons Level 1  
  77  7:41  Marauder, SCV x2  
  81  7:46  Medivac  
  81  7:50  Barracks Reactor  
  84  7:53  Marine, SCV x2  
  84  7:55  Barracks Tech Lab  
  86  8:04  Marine  
  86  8:05  Marauder  
  86  8:06  SCV x2  
  86  8:11  Marine  
  70  8:16  Medivac  
  72  8:22  Marine  
  72  8:24  Marauder  
  72  8:26  Marauder  
  77  8:29  Marine  
  77  8:32  Cyclone  
  81  8:37  Refinery  
  81  8:40  Marine, Refinery  
  82  8:42  Marine x2  
  82  8:45  Marauder  
  86  9:16  Command Center  
  86  9:53  Marauder, Marine x4, Siege Tank  
  86  9:54  Marauder  
  86  9:57  Supply Depot  
  97  10:10  Marine x3  
  97  10:11  Marine  
  101  10:15  Marauder x2  
  105  10:21  Supply Depot  
  105  10:25  Siege Tank  
  108  10:28  Marine x3  
  108  10:29  Marine  
  112  10:36  Marauder  
  112  10:37  Marauder  
  116  10:44  Supply Depot  
  116  10:46  Marine x3  
  116  10:47  Marine  
  104  10:57  Marauder  
  104  10:58  Marauder  
  105  11:08  Supply Depot  
  105  11:19  Marauder x2  
  105  11:24  Marauder  
  111  11:27  Marine  
  111  11:28  Marine  
  111  11:32  Cyclone  
  116  11:33  Cyclone  
  119  11:40  Marauder  
  119  11:41  Marauder  
  119  11:43  SCV x2  
  119  11:45  Marauder, Marine  
  119  11:46  Marine  
  129  11:55  SCV x2  
  129  11:59  SCV  
  132  12:01  Marauder  
  132  12:02  Marauder  
  132  12:03  Marine  
  132  12:04  Marine, Cyclone  
  132  12:05  Cyclone  
  132  12:07  Marauder, SCV x2  
  148  12:11  SCV  
  149  12:19  SCV x2  
  149  12:21  Marine x2  
  149  12:23  Marauder x2, SCV  
  149  12:28  Marauder  
  134  12:31  SCV x2  
  134  12:36  Cyclone  
  135  12:39  Marine  
  136  12:44  Marauder  
  136  12:45  Marauder, Marine  
  136  12:50  Marauder  
  143  12:52  Cyclone  
  143  12:56  Marine  
  147  13:03  Marine  
  148  13:06  Marauder x2  
  148  13:11  Marauder  
  152  13:14  Marine  
  143  13:24  SCV x3  
  143  13:25  Cyclone  
  143  13:26  Cyclone  
  154  13:27  Marauder  
  154  13:28  Marauder  
  154  13:29  Marine  
  157  14:24  SCV  
  157  14:34  Marine  
Show
View Real Time Build Order
Export as new Build Order

panicreal Terran 

Build Orders: Command Center First (CC), MMM Bio 

Get SALT Encoding   

  12  0:03  SCV  
  13  0:13  Refinery  
  13  0:33  Supply Depot  
  13  0:37  SCV  
  14  0:49  SCV  
  15  1:01  SCV  
  16  1:16  Command Center  
  16  1:27  Barracks  
  16  1:38  SCV  
  16  1:39  Engineering Bay  
  17  1:50  SCV  
  18  2:06  Engineering Bay  
  18  2:15  Marine, Supply Depot  
  20  2:26  Orbital Command  
  19  2:32  Marine  
  20  2:39  SCV  
  20  2:51  SCV  
  21  2:59  Marine  
  23  3:06  Planetary Fortress  
  23  3:09  Terran Infantry Weapons Level 1  
  22  3:17  Marine  
  23  3:20  Refinery  
  23  3:33  Factory  
  23  3:35  Marine  
  23  3:36  SCV  
  25  3:43  SCV  
  26  3:48  SCV  
  26  3:53  Marine  
  26  3:55  SCV  
  29  4:07  SCV  
  30  4:10  Terran Infantry Armor Level 1, Barracks  
  30  4:11  Marine  
  30  4:15  SCV  
  32  4:19  SCV  
  33  4:27  SCV  
  33  4:28  Barracks  
  33  4:29  Marine  
  33  4:30  Factory Tech Lab  
  35  4:39  SCV  
  36  4:46  SCV  
  36  4:51  SCV  
  38  4:58  SCV  
  39  5:00  Barracks Tech Lab  
  39  5:02  Marine  
  39  5:04  SCV  
  39  5:05  Siege Tank  
  44  5:10  SCV  
  45  5:20  Marine  
  46  5:31  Supply Depot  
  46  5:34  Combat Shields  
  46  5:51  Barracks Tech Lab  
  46  5:52  Marine, SCV  
  46  5:54  SCV  
  49  6:04  Hi-Sec Auto Tracking, SCV, Refinery, Neosteel Frame  
  49  6:06  SCV  
  51  6:17  SCV  
  52  6:22  Missile Turret  
  52  6:29  SCV  
  53  6:34  Missile Turret  
  53  6:42  Missile Turret  
  53  6:44  Missile Turret  
  53  6:48  Concussive Shells  
  53  6:53  Marine  
  54  6:54  Stimpack  
  54  6:57  Missile Turret  
  54  7:04  Missile Turret  
  54  7:26  Missile Turret, Supply Depot  
  54  7:47  Starport, Marine x3  
  54  7:48  Siege Tank  
  54  7:49  Missile Turret  
  54  7:50  Supply Depot  
  60  8:04  SCV  
  60  8:05  Marine x2  
  60  8:07  Marine  
  60  8:10  Command Center, Missile Turret  
  54  8:12  Supply Depot  
  54  8:16  SCV  
  52  8:20  Siege Tank  
  52  8:23  Marine  
  52  8:24  Marauder  
  52  8:25  Starport, Marine  
  59  8:28  SCV  
  60  8:34  Barracks  
  60  8:37  Barracks  
  60  8:40  SCV  
  60  8:41  Marine  
  61  8:42  Marine  
  61  8:43  Barracks  
  61  8:45  Marauder  
  65  8:52  SCV  
  65  8:54  Refinery  
  66  8:59  Marine  
  67  9:05  SCV  
  67  9:06  Marauder  
  67  9:07  Starport Tech Lab  
  70  9:13  Armory  
  70  9:15  Starport Reactor, Refinery  
  70  9:17  SCV, Refinery  
  71  9:20  Siege Tank  
  74  9:25  Marine x2  
  74  9:27  Marine  
  74  9:29  SCV, Viking  
  80  9:43  Marine x2  
  80  9:44  Ghost Academy  
  80  9:45  Marine  
  83  9:51  Medivac x2  
  87  9:59  Viking  
  89  10:00  Marine  
  89  10:01  Marine  
  89  10:03  Marine  
  92  10:17  Barracks Reactor  
  92  10:18  Marine  
  93  10:25  Barracks Reactor  
  93  10:27  Medivac  
  92  10:45  Viking  
  92  11:28  Supply Depot  
  92  11:49  Viking  
  92  11:52  Supply Depot  
  94  12:15  Supply Depot  
  94  12:19  Viking  
  54  12:39  Marine, Supply Depot  
  54  12:40  Marine x4  
  54  12:42  Marine x3  
  60  12:49  Banshee  
  63  12:57  Marine  
  63  12:58  Marine x2  
  68  12:59  Marine  
  68  13:00  Marine x2  
  68  13:02  Supply Depot  
  60  13:17  Marine  
  60  13:18  Marine x2  
  40  13:32  Banshee  
  41  13:36  Marine x2  
  19  14:37  Supply Depot  
  16  14:40  Supply Depot  
Tags
 
Composition
MMM Bio
League
Bronze
Matchup
TvT
Race
Terran
Spawn Locations
Cross Positions
Add a new tag
Caveats
  • Supply blocks, unpowered buildings, or Contaminate may cause inaccurate times.
  • Supply counts are checked every 10 seconds.